 Dungeon Crawl Stone Soup version 0.23-a0-316-g6773f7a52e (webtiles) character file.

112 Flugkiller the Caller (level 4, 0/30 HPs)
             Began as a Barachi Summoner on Oct 14, 2018.
             Slain by a goblin
             ... wielding a +0 dagger of electrocution
             ... led by Robin
              (3 damage)
             ... on level 3 of the Dungeon.
             The game lasted 00:03:02 (2844 turns).

Flugkiller the Caller (Barachi Summoner)            Turns: 2844, Time: 00:03:03

Health: 0/30       AC:  3    Str:  9    XL:     4   Next: 93%
Magic:  9/9        EV: 12    Int: 16    God:
Gold:   144        SH:  0    Dex: 13    Spells: 3/9 levels left

rFire    . . .     SeeInvis .   b - +0 short sword (drain)
rCold    . . .     Gourm    .   (no shield)
rNeg     . . .     Faith    .   a - +1 robe
rPois    .         Spirit   .   (no helmet)
rElec    .         Reflect  .   (no cloak)
rCorr    .         Harm     .   (no gloves)
MR       .....                  (no boots)
Stlth    ++........             (no amulet)
HPRegen  0.10/turn              (no ring)
MPRegen  0.11/turn              (no ring)

@: slow
A: +LOS, swims, slowness 1, strong legs 1
a: Hop


You were on level 3 of the Dungeon.
You were not hungry.

You visited 1 branch of the dungeon, and saw 3 of its levels.

You collected 144 gold pieces.

Inventory:

Hand Weapons
 b - a +0 short sword of draining (weapon)
Armour
 a - a +1 robe (worn)
Scrolls
 g - 5 scrolls of teleportation
 h - a scroll of blinking {unknown}
Potions
 d - 4 potions of curing
 e - a potion of agility
Comestibles
 c - 5 rations
 f - a chunk of flesh


   Skills:
 + Level 2.2 Short Blades
 - Level 2.1 Dodging
 - Level 1.7 Stealth
 + Level 3.4 Spellcasting
 + Level 5.8 Summonings


You had 3 spell levels left.
You knew the following spells:

 Your Spells              Type           Power        Failure   Level  Hunger
a - Summon Small Mammal   Summ           ###.         1%          1    None
b - Call Imp              Summ           ###.....     2%          2    ##.....
c - Call Canine Familiar  Summ           ###.....     4%          3    ###....

Your spell library contained the following spells:

 Spells                   Type           Power        Failure   Level  Hunger
 Summon Guardian Golem    Hex/Summ       ##......     16%         3    ###....
 Summon Ice Beast         Ice/Summ       ##......     47%         4    ####...
 Summon Lightning Spire   Summ/Air       ##......     47%         4    ####...


Dungeon Overview and Level Annotations

Branches:
Dungeon (3/15)

Altars:
Nemelex Xobeh
Qazlal
Zin


Innate Abilities, Weirdness & Mutations

Shadows flee at your approach. (+LOS)
You can swim through water.
You cover ground slowly.
You can hop short distances.


Message History

You completely miss the goblin.
The goblin is moderately wounded.
The goblin hits you with a dagger. The goblin hits you but does no damage.
You closely miss the goblin.
The goblin is moderately wounded.
A hobgoblin comes into view.
The goblin hits you with a dagger of electrocution.
You are electrocuted!
Ouch! That really hurt!
* * * LOW HITPOINT WARNING * * *
The goblin hits you with a dagger.
* * * LOW HITPOINT WARNING * * *
Casting: Call Canine Familiar (safe; 4% risk of failure)
Confirm with . or Enter, or press ? or * to list all spells.
Okay, then.
The goblin misses you.
Things that are here:
a dagger; an orc skeleton The goblin hits you with a dagger of electrocution.
You die...

#.........#...#..
#.........#...#.#
#.........###...#
#.........# #...#
#######...# #...#
#...# #.#.# #...#
#.#.#
###########...###.#
#.gg@.............#
#.######........###
#..)ggg#.######.#
######.#.. [..
##<####.#### .###
.........g†# .#
.........#.# .#
......####g# .#
...... #. .#


You could see 2 goblins.

Vanquished Creatures
  An ooze (D:2)
  A worm (D:2)
  2 dart slugs
  2 orcs
  3 giant cockroaches
  7 goblins
  6 hobgoblins
  3 jackals (D:2)
  A quokka (D:3)
  A ball python (D:1)
  3 bats
  2 frilled lizards
  2 kobolds
  2 rats
36 creatures vanquished.

Vanquished Creatures (collateral kills)
  An orc priest (D:2)
  Terence (D:2)
  3 adders (D:2)
  2 worms
  2 orcs (D:2)
  A goblin (D:1)
  2 hobgoblins
  A frilled lizard (D:3)
  3 kobolds (D:1)
  3 rats
19 creatures vanquished.

Grand Total: 55 creatures vanquished

Notes
Turn   | Place    | Note
-------+----------+-------------------------------------------
     0 | D:1      | Flugkiller the Barachi Summoner began the quest for the
                  | Orb.
     0 | D:1      | Reached XP level 1. HP: 13/13 MP: 3/3
   159 | D:1      | Reached skill level 5 in Summonings
   162 | D:1      | Reached XP level 2. HP: 14/19 MP: 3/5
  1015 | D:1      | Learned a level 2 spell: Call Imp
  1206 | D:2      | Reached XP level 3. HP: 22/24 MP: 1/7
  1212 | D:2      | Found a glowing silver altar of Zin.
  1291 | D:2      | Reached skill level 1 in Short Blades
  1321 | D:2      | Noticed Terence
  1326 | D:2      | Killed Terence
  1367 | D:2      | Found a stormy altar of Qazlal.
  1518 | D:2      | Reached XP level 4. HP: 22/30 MP: 2/8
  2361 | D:3      | Found a sparkling altar of Nemelex Xobeh.
  2457 | D:3      | Learned a level 3 spell: Call Canine Familiar
  2844 | D:3      | Slain by a goblin

Vault maps used:
D:1:      minmay_arrival_semitransparent
D:2:      nicolae_qazlal_eye_of_the_storm, zin_academy, mrwooster_statue_mirror,
          uniq_terence
D:3:      nicolae_overflow_hidden_temple, marbit_many_paths,
          lemuel_crystal_altar, lemuel_crystal_altar, first_ration,
          uniq_natasha, uniq_robin, uniq_ijyb

Skill      XL: |  1  2  3  4 |
---------------+-------------+-----
Summonings     | 5 |  5.8
Short Blades   | 1 2 |  2.2
Spellcasting   | 3 |  3.4
Dodging        | |  2.1
Stealth        | |  1.7

Action                   |  1- 3 |  4- 6 || total
-------------------------+-------+-------++-------
Melee: Short sword       |    62 |    74 ||   136
       Unarmed           |     2 |       ||     2
 Cast: Summon Small Mamm |     7 |       ||     7
       Call Imp          |    11 |     6 ||    17
       Call Canine Famil |       |     2 ||     2
  Use: Scroll            |       |     5 ||     5
 Stab: Sleeping          |     3 |     1 ||     4
  Eat: Chunk             |     3 |     5 ||     8
Armor: Robe              |    10 |    13 ||    23
Dodge: Dodged            |    53 |    76 ||   129

Table legend:
 A = Non-vault XP
 B = Vault XP
 C = Vault XP percentage of total XP
 D = Non-vault monster count
 E = Vault monster count
 F = Vault count percentage of total count
                 A         B        C        D         E       F
            +---------+---------+-------+---------+---------+-------
      Total |     137 |      23 |  14.4 |      52 |       3 |   5.5
            +---------+---------+-------+---------+---------+-------
        D:1 |      26 |       0 |   0.0 |      16 |       0 |   0.0
        D:2 |      91 |      19 |  17.3 |      27 |       1 |   3.6
        D:3 |      20 |       4 |  16.7 |       9 |       2 |  18.2
            +---------+---------+-------+---------+---------+-------
